 Dungeon Crawl Stone Soup version 0.22-a0-369-gc73351f (webtiles) character file.

87 Megalobster the Caller (level 4, 0/32 HPs)
             Began as a Gnoll Summoner on Apr 25, 2018.
             Slain by Grinder (7 damage)
             ... on level 3 of the Dungeon.
             The game lasted 00:14:43 (2788 turns).

Megalobster the Caller (Gnoll Summoner)             Turns: 2788, Time: 00:14:43

Health: 0/32       AC:  7    Str: 11    XL:     4   Next: 51%
Magic:  8/11       EV: 12    Int: 18    God:
Gold:   142        SH:  0    Dex: 15    Spells: 10/13 levels left

rFire    . . .     SeeInvis .   b - +0 dagger (venom)
rCold    . . .     Gourm    .   (no shield)
rNeg     . . .     Faith    .   g - +0 ring mail
rPois    .         Spirit   .   o - +0 helmet
rElec    .         Reflect  .   e - +0 cloak
rCorr    .         Harm     .   (no gloves)
MR       .....                  (no boots)
Stlth    ++........             (no amulet)
HPRegen  0.10/turn              m - ring of wizardry
MPRegen  0.12/turn              (no ring)

@: no status effects
A: distributed training, fangs 1, strong nose
a: no special abilities


You were on level 3 of the Dungeon.
You were not hungry.

You visited 1 branch of the dungeon, and saw 3 of its levels.

You collected 142 gold pieces.

Inventory:

Hand Weapons
 a - a +0 dagger of speed
 b - a +0 dagger of venom (weapon)
 f - a +0 short sword
 l - a +0 short sword
 y - a +0 whip
Missiles
 h - 90 stones (quivered)
 n - 55 sling bullets
Armour
 d - a +0 chain mail
 e - a +0 cloak (worn)
 g - a +0 ring mail (worn)
 o - a +0 helmet (worn)
 q - a +0 chain mail
 z - a +0 robe
Jewellery
 m - a ring of wizardry (left hand)
Wands
 A - a wand of clouds (8)
Scrolls
 i - a scroll of amnesia {unknown}
 j - a scroll of magic mapping {unknown}
 s - a scroll of fear {unknown}
 x - 2 scrolls of teleportation {unknown}
 B - a scroll of enchant weapon {unknown}
Potions
 k - 2 potions of degeneration {unknown}
 r - 2 potions of might {unknown}
 t - a potion of brilliance {unknown}
 u - 2 potions of heal wounds {unknown}
 v - a potion of haste {unknown}
 w - a potion of resistance {unknown}
Comestibles
 c - 3 rations


   Skills:
 + Level 1.1 Fighting
 + Level 1.1 Short Blades
 + Level 1.1 Long Blades
 + Level 1.1 Axes
 + Level 1.1 Maces & Flails
 + Level 1.1 Polearms
 + Level 1.1 Staves
 + Level 1.1 Slings
 + Level 1.1 Bows
 + Level 1.1 Crossbows
 + Level 1.1 Throwing
 + Level 1.1 Armour
 + Level 4.6 Dodging
 + Level 4.2 Stealth
 + Level 1.1 Shields
 + Level 1.1 Unarmed Combat
 + Level 5.1 Spellcasting
 + Level 0.9 Conjurations
 + Level 0.9 Hexes
 + Level 0.9 Charms
 + Level 7.1 Summonings
 + Level 0.9 Necromancy
 + Level 0.9 Translocations
 + Level 0.9 Transmutations
 + Level 0.9 Fire Magic
 + Level 0.9 Ice Magic
 + Level 0.9 Air Magic
 + Level 0.9 Earth Magic
 + Level 0.9 Poison Magic
 + Level 1.2 Invocations
 + Level 1.1 Evocations


You had 10 spell levels left.
You knew the following spells:

 Your Spells              Type           Power        Failure   Level  Hunger
a - Summon Small Mammal   Summ           ####         1%          1    None
b - Call Imp              Summ           ####....     1%          2    #......


Dungeon Overview and Level Annotations

Branches:
Dungeon (3/15)

Altars:
Hepliaklqana
Zin

Annotations:
D:3 Grinder


Innate Abilities, Weirdness & Mutations

Your experience applies equally to all skills.
You have very sharp teeth.
Your uncanny sense of smell can sniff out nearby items.


Message History

Grinder is heavily wounded.
Your shadow imp disappears in a puff of smoke!
Your quokka barely misses Grinder.
Grinder hits you.
You writhe in agony.
Your quokka barely misses Grinder.
You take 5 damage, and have 14/32 hp.
You hit Grinder.
Grinder is heavily wounded.
Grinder hits you.
You writhe in agony.
* * * LOW HITPOINT WARNING * * *
Your white imp hits Grinder but does no damage.
Your quokka completely misses Grinder.
You take 7 damage, and have 7/32 hp.
MASSIVE DAMAGE!!
You hit Grinder but do no damage. Your bite misses Grinder.
Grinder is heavily wounded.
Grinder hits you but does no damage.
Your quokka closely misses Grinder.
Your white imp completely misses Grinder.
You hit Grinder.
Grinder is poisoned.
Grinder is heavily wounded.
Your quokka closely misses Grinder.
Grinder hits you!
You die...

#...# #####...###
.......... #.#
......[. ..# ......
#.. #...# #.#
##..r### #.# #...@5.#
#.# #...5#.# ###.#
#....#.####.#.#
#..........#..#
#.####.####...##
#.####.###<.#..#.##
#......##.#.#......
.#
####..........##..#.#
#.
..#.......##.#..##..#


You could see Grinder, a friendly white imp and a friendly quokka.

Vanquished Creatures
  2 adders (D:2)
  An ooze (D:2)
  3 leopard geckos
  A giant cockroach (D:1)
  6 goblins
  2 hobgoblins
  8 jackals
  10 kobolds
  7 bats
  3 frilled lizards
  6 rats
49 creatures vanquished.

Vanquished Creatures (collateral kills)
  2 worms (D:2)
  A bat (D:1)
  A giant cockroach (D:2)
  2 goblins (D:2)
  3 hobgoblins (D:2)
  4 jackals
  4 kobolds
  A quokka (D:2)
  2 rats (D:1)
20 creatures vanquished.

Grand Total: 69 creatures vanquished

Notes
Turn   | Place    | Note
-------+----------+-------------------------------------------
     0 | D:1      | Megalobster the Gnoll Summoner began the quest for the Orb.
     0 | D:1      | Reached XP level 1. HP: 13/13 MP: 6/6
   204 | D:1      | Reached XP level 2. HP: 4/19 MP: 4/7
  1023 | D:1      | Learned a level 2 spell: Call Imp
  1233 | D:1      | Reached XP level 3. HP: 25/25 MP: 9/9
  1279 | D:1      | Reached skill level 5 in Spellcasting
  1854 | D:2      | Found a glowing silver altar of Zin.
  1917 | D:2      | Found a hazy altar of Hepliaklqana.
  2027 | D:2      | Reached skill level 1 in Invocations
  2088 | D:2      | Reached skill level 1 in Fighting
  2088 | D:2      | Reached skill level 1 in Short Blades
  2088 | D:2      | Reached skill level 1 in Long Blades
  2088 | D:2      | Reached skill level 1 in Axes
  2088 | D:2      | Reached skill level 1 in Maces & Flails
  2088 | D:2      | Reached skill level 1 in Polearms
  2088 | D:2      | Reached skill level 1 in Staves
  2088 | D:2      | Reached skill level 1 in Slings
  2088 | D:2      | Reached skill level 1 in Bows
  2088 | D:2      | Reached skill level 1 in Crossbows
  2088 | D:2      | Reached skill level 1 in Throwing
  2088 | D:2      | Reached skill level 1 in Armour
  2088 | D:2      | Reached skill level 1 in Shields
  2088 | D:2      | Reached skill level 1 in Unarmed Combat
  2088 | D:2      | Reached skill level 1 in Evocations
  2127 | D:2      | Reached XP level 4. HP: 27/32 MP: 9/11
  2669 | D:3      | Noticed Grinder
  2788 | D:3      | Slain by Grinder

Vault maps used:
D:1:      roderic_dead_forest, minmay_tetromino_l2
D:2:      marbit_many_paths, lemuel_crystal_altar, serial_bayou,
          serial_bayou_ford_a, serial_bayou_pond_a, serial_bayou_pond_d,
          serial_bayou_pond_e, hangedman_decor_riveting
D:3:      ashenzari_altar_1, uniq_grinder

Skill      XL: |  1  2  3 |
---------------+----------+-----
Spellcasting   | 5 |  5.1
Invocations    | 1 |  1.2
Fighting       | 1 |  1.1
Short Blades   | 1 |  1.1
Long Blades    | 1 |  1.1
Axes           | 1 |  1.1
Maces & Flails | 1 |  1.1
Polearms       | 1 |  1.1
Staves         | 1 |  1.1
Slings         | 1 |  1.1
Bows           | 1 |  1.1
Crossbows      | 1 |  1.1
Throwing       | 1 |  1.1
Armour         | 1 |  1.1
Shields        | 1 |  1.1
Unarmed Combat | 1 |  1.1
Evocations     | 1 |  1.1
Dodging        | |  4.6
Stealth        | |  4.2
Conjurations   | |  0.9
Hexes          | |  0.9
Charms         | |  0.9
Summonings     | |  7.1
Necromancy     | |  0.9
Translocations | |  0.9
Transmutations | |  0.9
Fire Magic     | |  0.9
Ice Magic      | |  0.9
Air Magic      | |  0.9
Earth Magic    | |  0.9
Poison Magic   | |  0.9

Action                   |  1- 3 |  4- 6 || total
-------------------------+-------+-------++-------
Melee: Unarmed           |    47 |       ||    47
       Bite              |    10 |     6 ||    16
       Short sword       |   113 |       ||   113
       Dagger            |    32 |    62 ||    94
Throw: Stone             |       |     7 ||     7
 Cast: Summon Small Mamm |    11 |     3 ||    14
       Call Imp          |     7 |     6 ||    13
 Stab: Sleeping          |     8 |       ||     8
       Distracted        |     2 |       ||     2
  Eat: Chunk             |     4 |     2 ||     6
Armor: Robe              |    16 |       ||    16
       Ring mail         |    63 |    16 ||    79
Dodge: Dodged            |   139 |    47 ||   186

Table legend:
 A = Spawn XP
 B = Non-spawn XP
 C = Spawn XP percentage of total XP
 D = Spawn monster count
 E = Non-spawn monster count
 F = Spawn count percentage of total count
 G = Total turns spent on level
                    A         B        C        D         E        F      G
               +---------+---------+-------+---------+---------+-------+---------
         Total |       0 |     125 |   0.0 |       0 |      69 |   0.0 |  2788
               +---------+---------+-------+---------+---------+-------+---------
           D:1 |       0 |      42 |   0.0 |       0 |      30 |   0.0 |  1824
           D:2 |       0 |      78 |   0.0 |       0 |      36 |   0.0 |   845
           D:3 |       0 |       5 |   0.0 |       0 |       3 |   0.0 |   119
               +---------+---------+-------+---------+---------+-------+---------
